 Dungeon Crawl Stone Soup version 0.26.1-11-gd32895ea62 (webtiles) character file.

Game seed: 18127170102739000480

184 Zeld the Twirler (level 5, -4/34 HPs)
             Began as an Octopode Gladiator on May 22, 2021.
             Slain by a gnoll sergeant
             ... wielding a +0 vampiric spear
              (13 damage)
             ... on level 3 of the Dungeon.
             The game lasted 00:02:55 (3678 turns).

Zeld the Twirler (Octopode Gladiator)               Turns: 3678, Time: 00:02:56

Health: -4/34      AC:  1    Str: 14    XL:     5   Next: 63%
Magic:  5/5        EV: 14    Int: 11    God:
Gold:   86         SH:  0    Dex: 13    Spells: 4/4 levels left

rFire    . . .     SeeInvis .   a - +0 quarterstaff
rCold    . . .     Faith    .   (shield currently unavailable)
rNeg     . . .     Spirit   .   b - +0 hat
rPois    .         Reflect  .   (no amulet)
rElec    .         Harm     .   (no ring)
rCorr    .         Rampage  .   (no ring)
Will     .....                  (no ring)
Stlth    ++........             (no ring)
HPRegen  0.11/turn              (no ring)
MPRegen  0.09/turn              (no ring)
                                (no ring)
                                (no ring)

@: no status effects
A: almost no armour, stealthy swim, amphibious, 8 rings, constrict 8, camouflage
1, gelatinous body 1
a: no special abilities


You were on level 3 of the Dungeon.
You visited 1 branch of the dungeon, and saw 4 of its levels.

You collected 86 gold pieces.

Inventory:

Hand Weapons
 a - a +0 quarterstaff (weapon)
Missiles
 c - 3 throwing nets
 r - 27 poisoned darts (quivered)
Armour
 b - a +0 hat (worn)
Jewellery
 f - an uncursed ring of wizardry {unknown}
 l - an uncursed ring of ice {unknown}
 t - an uncursed amulet of the acrobat {unknown}
 u - an uncursed ring of magical power {unknown}
Scrolls
 g - a scroll of blinking {unknown}
 h - 2 scrolls of amnesia {unknown}
 i - 4 scrolls of identify {unknown}
 m - 2 scrolls of remove curse {unknown}
 n - 2 scrolls of random uselessness {unknown}
 o - a scroll of fear {unknown}
 q - a scroll of enchant weapon {unknown}
Potions
 d - a potion of heal wounds {unknown}
 e - a potion of brilliance {unknown}
 j - 2 potions of might {unknown}
 k - a potion of flight {unknown}
 p - 3 potions of haste {unknown}
 s - a potion of ambrosia {unknown}


   Skills:
 - Level 2.0 Fighting
 * Level 6.1 Staves
 - Level 2.0 Throwing
 - Level 3.0 Dodging


You had 4 spell levels left.
You didn't know any spells.
Your spell library was empty.

Dungeon Overview and Level Annotations

Branches:
Dungeon (4/15)
 Temple: D:4-7

Altars:
Elyvilon


Innate Abilities, Weirdness & Mutations

You cannot wear most types of armour.
You are very stealthy in the water. (Stealth+)
You are amphibious.
You can wear up to eight rings at the same time.
You can use your tentacles to constrict eight enemies at once.
Your skin changes colour to match your surroundings (Stealth+).
Your rubbery body absorbs attacks. (AC +1, EV +1)


Message History

You are too injured to fight recklessly!
You hit the gnoll sergeant.
The gnoll sergeant is lightly wounded.
You constrict the gnoll sergeant. The bat hits you.
The gnoll sergeant hits you with a +0 vampiric spear.
The gnoll sergeant draws strength from your wounds!
You thump the gnoll sergeant!
The gnoll sergeant is heavily wounded.
You constrict the gnoll sergeant, but do no damage.
The bat misses you. The bat hits you.
* * * LOW HITPOINT WARNING * * *
The gnoll sergeant barely misses you.
You hit the gnoll sergeant but do no damage.
You squeeze the gnoll sergeant, but do no damage.
The gnoll sergeant is heavily wounded.
You constrict the gnoll sergeant. The bat hits you.
* * * LOW HITPOINT WARNING * * *
The bat hits you but does no damage.
The gnoll sergeant hits you with a +0 vampiric spear!
You die...

#...............
..#........###.#
.............#.#
###.#####.#.##.#
#.......#.##[# #
#########.##.######.####
#......b.......#
#.##.#.#.##.##.#
#.##.<@g....#
#.##...#.#### #.##...#.#
#.##...#g# ..##.>.#g# ##
#...#g# ....#g# ###.....
#.#


You could see a gnoll sergeant and a bat.

Vanquished Creatures
  7 gnolls (D:2)
  2 adders (D:2)
  An ooze (D:2)
  A worm (D:2)
  3 dart slugs
  2 leopard geckos (D:1)
  5 orcs (D:3)
  A ball python (D:2)
  10 giant cockroaches
  4 goblins
  12 hobgoblins
  7 jackals
  2 quokkas
  7 bats
  3 frilled lizards
  2 kobolds (D:3)
  4 rats
73 creatures vanquished.

Notes
Turn   | Place    | Note
-------+----------+-------------------------------------------
     0 | D:1      | Zeld the Octopode Gladiator began the quest for the Orb.
     0 | D:1      | Reached XP level 1. HP: 14/14 MP: 1/1
   171 | D:1      | Reached XP level 2. HP: 19/19 MP: 2/2
   301 | D:1      | Reached skill level 4 in Staves
   321 | D:1      | Reached XP level 3. HP: 23/24 MP: 3/3
   768 | D:2      | You fall into a shaft and drop 2 floors!
  1382 | D:2      | Reached XP level 4. HP: 23/29 MP: 4/4
  1708 | D:2      | Reached skill level 5 in Staves
  1768 | D:2      | Found a white marble altar of Elyvilon.
  1824 | D:2      | Found a faded altar of an unknown god.
  2745 | D:2      | Reached XP level 5. HP: 33/34 MP: 5/5
  3650 | D:2      | Reached skill level 6 in Staves
  3678 | D:3      | Slain by a gnoll sergeant

Illustrated notes

Levels and vault maps discovered:
D:1:      saegor_arrival_simple_a, layout_loops_ring, minmay_worlds_worst_comb
D:2:      layout_loops_cross, elyvilon_altar_1, chequers_ecumenical_altar_island
D:3:      layout_basic
D:4:      minmay_spotlight, layout_rooms, nicolae_overflow_hidden_temple,
          lemuel_round_altar, grunt_ministairs_2

Skill      XL: |  1  2  3  4  5 |
---------------+----------------+-----
Staves         | 4 5 6 |  6.1
Fighting       | |  2.0
Throwing       | |  2.0
Dodging        | |  3.0

Action                   |  1- 3 |  4- 6 || total
-------------------------+-------+-------++-------
Melee: Quarterstaff      |    59 |    86 ||   145
       Constrict         |    18 |    26 ||    44
       Tentacles         |     7 |    12 ||    19
 Stab: Sleeping          |     9 |     9 ||    18
Armor: Skin              |     3 |     5 ||     8
Dodge: Dodged            |    34 |    69 ||   103
